Comets vs Reign
Created - March 9, 2022 at 19:35
Goals
|
| Comets |
0 |
2 |
2 |
0 |
1 |
4 |
| Reign |
2 |
1 |
1 |
0 |
2 |
5 |
|
Shots
|
| Comets |
10 |
6 |
16 |
1 |
3 |
33 |
| Reign |
15 |
3 |
16 |
0 |
2 |
34 |
|
1st period
1. Reign , Rourke Chartier 14 (Roope Hintz 19) at 13:29
2. Reign , Joel Eriksson Ek 12 (Thomas Chabot 15) at 16:31 (PP)
Penalties :
Logan Stanley (Ont) for Roughing (Minor) at 2:42, Nicolas Aube-Kubel (Ont) for Hooking (Minor) at 11:02, Axel Holmstrom (Uti) for Roughing (Minor) at 14:32
2nd period
3. Comets , Teemu Pulkkinen 12 (Joshua Leivo 13) at 1:34
4. Reign , Joachim Blichfeld 13 (Jakob Chychrun 9, Joel Eriksson Ek 12) at 5:53
5. Comets , Teemu Pulkkinen 13 (Seth Helgeson 18, Alexandar Georgiev) at 15:21 (PP)
Penalties :
Andrej Nestrasil (Uti) for Holding (Minor) at 5:56, Jakob Chychrun (Ont) for Kneeing (Major) at 14:46
3rd period
6. Comets , Andrej Nestrasil 11 (Justin Bailey 17) at 10:40 (SH)
7. Reign , Nicolas Aube-Kubel 9 (Thomas Chabot 16, Phillip Danault 5) at 12:59
8. Comets , Dennis Everberg 24 (Brendan Gaunce 36) at 19:51
Penalties :
Juuso Riikola (Uti) for Hooking (Minor) at 8:50, Nicolas Aube-Kubel (Ont) for Slashing (Minor) at 15:37
Overtime #1
No Goal
Penalties :
No Penalty
Shootout
Comets, Taylor Beck - Goal!
Reign, Rourke Chartier - Goal!
Comets, Dennis Everberg - Shot Misses the Net
Reign, Jordan Kyrou - Goal!
Comets, Brendan Gaunce - Stopped by Carter Hart
Penalties :
No Penalty
Goalie Stats
Alexandar Georgiev (Uti), 30 saves from 34 shots - (0.882), OTL, 15-7-7, 65:00 minutes
Carter Hart (Ont), 29 saves from 33 shots - (0.879), W, 17-10-0, 65:00 minutes
Players Stats for Comets
Player Name G A P +/- PIM S H SB GA TA FO MP PP MP PK MP
------------------------------------------------------------------------------------
Andrej Nestrasil 1 0 1 0 2 6 2 0 0 1 7/13 15:59 4:22 0:19
Axel Holmstrom 0 0 0 1 2 0 2 2 0 0 1/4 9:35 0:17 0:00
Brendan Gaunce 0 1 1 -1 0 1 2 0 1 0 17/29 24:04 5:22 1:28
Christian Fischer 0 0 0 -1 0 1 1 0 0 0 0/0 12:15 1:10 0:00
Dennis Everberg 1 0 1 -1 0 5 5 0 0 1 0/0 27:29 5:17 3:05
Joshua Leivo 0 1 1 1 0 1 1 0 0 0 0/2 13:50 4:22 0:00
Juho Lammikko 0 0 0 0 0 1 2 0 0 0 0/0 7:34 0:00 1:17
Justin Bailey 0 1 1 0 0 1 1 0 2 0 2/2 14:33 1:03 1:12
Juuso Riikola 0 0 0 -1 2 2 2 6 0 1 0/0 23:43 3:58 1:51
Kurtis Macdermid 0 0 0 0 0 1 0 2 0 0 0/0 23:17 3:58 2:42
Nicolas Petan 0 0 0 0 0 0 0 0 0 0 0/0 0:00 0:00 0:00
Oliver Kylington 0 0 0 1 0 0 0 0 0 0 0/0 12:08 1:20 0:15
Phil Di Giuseppe 0 0 0 0 0 1 1 0 0 0 0/0 7:43 1:09 0:00
Seth Helgeson 0 1 1 0 0 0 0 1 0 0 0/0 30:29 6:15 3:15
Taylor Beck 0 0 0 -1 0 7 2 1 0 1 2/10 27:36 5:24 3:05
Teemu Pulkkinen 2 0 2 1 0 5 5 0 1 1 0/0 16:43 4:22 1:28
Tyler Graovac 0 0 0 0 0 0 0 0 0 0 0/1 5:22 0:00 0:00
Wiley Sherman 0 0 0 0 0 1 1 4 0 0 0/0 30:28 6:12 3:15
William Lagesson 0 0 0 0 0 0 1 0 0 0 0/0 11:12 0:09 0:36
William Lockwood 0 0 0 0 0 0 0 0 0 0 0/0 0:00 0:00 0:00
Players Stats for Reign
Player Name G A P +/- PIM S H SB GA TA FO MP PP MP PK MP
------------------------------------------------------------------------------------
Charlie McAvoy 0 0 0 0 0 1 0 1 0 0 0/0 12:24 0:00 0:00
Christopher Tanev 0 0 0 0 0 0 0 0 1 0 0/0 18:43 0:00 6:10
Dmitri Orlov 0 0 0 1 0 2 1 1 1 0 0/0 19:38 2:02 4:01
Jakob Chychrun 0 1 1 -1 5 0 0 0 0 0 0/0 16:58 3:55 0:00
Joachim Blichfeld 1 0 1 0 0 1 0 0 0 0 0/0 10:16 0:12 0:00
Joel Eriksson Ek 1 1 2 1 0 3 4 1 0 0 7/15 15:26 0:06 5:35
Jordan Kyrou 0 0 0 0 0 2 0 0 0 0 1/2 17:26 2:53 0:00
Jordan Schmaltz 0 0 0 0 0 1 1 1 0 1 0/0 21:21 0:00 6:04
Josh Anderson 0 0 0 0 0 0 2 0 0 0 0/2 9:51 0:06 0:00
Logan Stanley 0 0 0 0 2 1 1 0 0 1 0/0 9:48 0:00 0:45
Matthew Tkachuk 0 0 0 1 0 2 4 0 0 1 0/0 14:16 2:52 0:00
Nicolas Aube-Kubel 1 0 1 0 4 5 1 1 0 0 0/0 12:41 0:00 3:15
Nikita Tryamkin 0 0 0 0 0 0 0 1 1 0 0/0 16:02 2:02 4:01
Phillip Danault 0 1 1 0 0 0 3 0 0 0 0/0 14:42 0:00 4:15
Roope Hintz 0 1 1 0 0 5 0 0 1 0 2/2 19:18 2:53 1:23
Rourke Chartier 1 0 1 0 0 2 1 2 0 0 9/17 16:53 2:58 1:55
Sergey Kalinin 0 0 0 -1 0 5 1 1 0 1 7/13 18:46 2:53 2:13
Thomas Chabot 0 2 2 0 0 0 0 0 0 0 0/0 15:27 3:55 0:51
Trevor Moore 0 0 0 0 0 0 0 1 0 0 3/6 8:48 0:00 0:00
William Nylander 0 0 0 -1 0 4 1 0 1 0 3/4 20:16 2:58 3:16
3 Stars
1 - Teemu Pulkkinen (Uti)
2 - Joel Eriksson Ek (Ont)
3 - Rourke Chartier (Ont)
Power Play
Comets - 1 on 5 Attempt(s) - 20.00%
Reign - 1 on 3 Attempt(s) - 33.33%
Penalty Kill
Comets - 2 on 3 Attempt(s) - 66.67%
- Score 1 goal in Penalty Kill
Reign - 4 on 5 Attempt(s) - 80.00%
- Score 0 goal in Penalty Kill
Team Stat
Comets - Hits : 28 - Faceoff Wins : 29 - Blocked Shots : 16 - Penalty Minutes : 6
Reign - Hits : 20 - Faceoff Wins : 32 - Blocked Shots : 10 - Penalty Minutes : 11
Official
Referees : Michael Markovic and Conor O'Donnell
Linesman : Scott Cherrey and Vaughan Rody
Game Notes
No Game Note
Finance
Level 1 -- Attendance: 1763 (88.15%) -- Ticket Income $61,705
Level 2 -- Attendance: 1000 (100.00%) -- Ticket Income $15,000
Total Attendance: 2763 (92.10%)
Total Ticket Income: $76,705
Other Income: $3,835
Total Income: $80,540
Comets
5 vs 5 Forward
Center Left Wing Right Wing Time % Phy DF OF
1 Brendan Gaunce Taylor Beck Dennis Everberg 50 1 2 2
2 Andrej Nestrasil Justin Bailey Christian Fischer 30 1 2 2
3 Axel Holmstrom Teemu Pulkkinen Joshua Leivo 15 1 2 2
4 Tyler Graovac Phil Di Giuseppe Juho Lammikko 5 1 2 2
5 vs 5 Defense
Defense Defense Time % Phy DF OF
1 Seth Helgeson Wiley Sherman 40 1 2 2
2 Juuso Riikola Kurtis Macdermid 30 1 2 2
3 Oliver Kylington William Lagesson 20 1 2 2
4 Seth Helgeson Wiley Sherman 10 1 2 2
PowerPlay Forward
Center Left Wing Right Wing Time % Phy DF OF
1 Brendan Gaunce Taylor Beck Dennis Everberg 60 0 2 3
2 Andrej Nestrasil Teemu Pulkkinen Joshua Leivo 40 1 2 2
PowerPlay Defense
Defense Defense Time % Phy DF OF
1 Seth Helgeson Wiley Sherman 60 1 2 2
2 Juuso Riikola Kurtis Macdermid 40 1 2 2
Penalty Kill 4 Players Forward
Center Wing Time % Phy DF OF
1 Taylor Beck Dennis Everberg 60 1 2 2
2 Brendan Gaunce Teemu Pulkkinen 40 1 2 2
Penalty Kill 4 Players Defense
Defense Defense Time % Phy DF OF
1 Seth Helgeson Wiley Sherman 60 1 2 2
2 Juuso Riikola Kurtis Macdermid 40 1 2 2
Penalty Kill - 3 Players Forward
Forward Time % Phy DF OF
1 Taylor Beck 60 1 2 2
2 Dennis Everberg 40 1 2 2
Penalty Kill - 3 Players Defense
Defense Defense Time % Phy DF OF
1 Seth Helgeson Wiley Sherman 60 1 2 2
2 Juuso Riikola Kurtis Macdermid 40 1 2 2
4 vs 4 Forward
Center Wing Time % Phy DF OF
1 Taylor Beck Dennis Everberg 60 1 2 2
2 Brendan Gaunce Teemu Pulkkinen 40 1 2 2
4 vs 4 Defense
Defense Defense Time % Phy DF OF
1 Seth Helgeson Wiley Sherman 60 1 2 2
2 Juuso Riikola Kurtis Macdermid 40 1 2 2
Last Minutes Offensive
Center Left Wing Right Wing Defense Defense
Brendan Gaunce Taylor Beck Dennis Everberg Seth Helgeson Wiley Sherman
Last Minutes Defensive
Center Left Wing Right Wing Defense Defense
Brendan Gaunce Taylor Beck Dennis Everberg Seth Helgeson Wiley Sherman
Goaltenders
Starting : Alexandar Georgiev
Backup : Thatcher Demko
Extra Forwards
Normal : Justin Bailey, Phil Di Giuseppe, Juho Lammikko - PP : Justin Bailey, Phil Di Giuseppe - PK : Juho Lammikko
Extra Defensemen
Normal : Oliver Kylington, William Lagesson, Juuso Riikola - PP : Oliver Kylington - PK : William Lagesson, Juuso Riikola
Penalty Shots
Taylor Beck, Dennis Everberg, Brendan Gaunce, Teemu Pulkkinen, Justin Bailey
Scratches
Anton Karlsson (Healthy), Jaedon Descheneau (Healthy), Jeremy Roy (Healthy), Mackenzie MacEachern (Healthy), Taylor Leier (Healthy)
Thomas DiPauli (Healthy), Jordan Gross (Healthy), Rasmus Asplund (Healthy), Oskar Steen (Healthy), Dmitry Sokolov (Healthy)
Marek Langhamer (Healthy)
Reign
5 vs 5 Forward
Center Left Wing Right Wing Time % Phy DF OF
1 Sergey Kalinin William Nylander Jordan Kyrou 30 0 3 2
2 Rourke Chartier Roope Hintz Matthew Tkachuk 30 0 3 2
3 Trevor Moore Phillip Danault Nicolas Aube-Kubel 20 0 3 2
4 Joel Eriksson Ek Joachim Blichfeld Josh Anderson 20 0 3 2
5 vs 5 Defense
Defense Defense Time % Phy DF OF
1 Jordan Schmaltz Dmitri Orlov 30 0 3 2
2 Christopher Tanev Thomas Chabot 25 0 3 2
3 Charlie McAvoy Jakob Chychrun 25 0 3 2
4 Logan Stanley Nikita Tryamkin 20 1 3 1
PowerPlay Forward
Center Left Wing Right Wing Time % Phy DF OF
1 Rourke Chartier William Nylander Matthew Tkachuk 60 0 2 3
2 Sergey Kalinin Roope Hintz Jordan Kyrou 40 0 2 3
PowerPlay Defense
Defense Defense Time % Phy DF OF
1 Thomas Chabot Jakob Chychrun 60 1 2 2
2 Dmitri Orlov Nikita Tryamkin 40 1 2 2
Penalty Kill 4 Players Forward
Center Wing Time % Phy DF OF
1 Joel Eriksson Ek Nicolas Aube-Kubel 60 0 3 2
2 Sergey Kalinin Phillip Danault 40 0 3 2
Penalty Kill 4 Players Defense
Defense Defense Time % Phy DF OF
1 Christopher Tanev Jordan Schmaltz 60 0 4 1
2 Nikita Tryamkin Dmitri Orlov 40 0 4 1
Penalty Kill - 3 Players Forward
Forward Time % Phy DF OF
1 Sergey Kalinin 60 0 3 2
2 Joel Eriksson Ek 40 0 3 2
Penalty Kill - 3 Players Defense
Defense Defense Time % Phy DF OF
1 Christopher Tanev Jordan Schmaltz 60 1 4 0
2 Nikita Tryamkin Dmitri Orlov 40 1 4 0
4 vs 4 Forward
Center Wing Time % Phy DF OF
1 William Nylander Jordan Kyrou 60 1 2 2
2 Rourke Chartier Roope Hintz 40 1 2 2
4 vs 4 Defense
Defense Defense Time % Phy DF OF
1 Christopher Tanev Thomas Chabot 60 1 2 2
2 Jordan Schmaltz Jakob Chychrun 40 1 2 2
Last Minutes Offensive
Center Left Wing Right Wing Defense Defense
William Nylander Roope Hintz Jordan Kyrou Jakob Chychrun Thomas Chabot
Last Minutes Defensive
Center Left Wing Right Wing Defense Defense
Sergey Kalinin Roope Hintz Josh Anderson Christopher Tanev Jordan Schmaltz
Goaltenders
Starting : Carter Hart
Backup : Garret Sparks
Extra Forwards
Normal : William Nylander, Roope Hintz, Joachim Blichfeld - PP : Joachim Blichfeld, Joel Eriksson Ek - PK : William Nylander
Extra Defensemen
Normal : Charlie McAvoy, Jakob Chychrun, Logan Stanley - PP : Charlie McAvoy - PK : Thomas Chabot, Logan Stanley
Penalty Shots
Rourke Chartier, Jordan Kyrou, Trevor Moore, Roope Hintz, Joachim Blichfeld
Scratches
Blake Lizotte (Healthy), Bokondji Imama (Healthy), Jacob Josefson (Healthy), Joel Vermin (Healthy), Nathan Gerbe (Healthy)
Dan Renouf (Healthy), Michael Pezzetta (Healthy), Austin Czarnik (Healthy), Cal Petersen (Healthy), Jordan Binnington (Healthy)
% Time on Ice - Comets
Lines # - Real PCT - Wanted PCT - Time Play
Normal Forward
1 - 38% - 50% - 16:06
2 - 27% - 30% - 11:19
3 - 22% - 15% - 9:19
4 - 13% - 5% - 5:22
Normal Defense
1 - 42% - 40% - 17:48
2 - 35% - 30% - 14:32
3 - 22% - 20% - 9:25
4 - 1% - 10% - 0:21
PP Forward
1 - 60% - 60% - 6:34
2 - 40% - 40% - 4:22
PP Defense
1 - 64% - 60% - 6:58
2 - 36% - 40% - 3:58
PK Forward
1 - 75% - 60% - 4:29
2 - 25% - 40% - 1:28
PK Defense
1 - 55% - 60% - 3:15
2 - 45% - 40% - 2:42
PK3 Forward
1 - 0% - 60%
2 - 0% - 40%
PK3 Defense
1 - 0% - 60%
2 - 0% - 40%
44 Forward
1 - 73% - 60% - 3:40
2 - 27% - 40% - 1:20
44 Defense
1 - 65% - 60% - 3:15
2 - 35% - 40% - 1:45
Last Minute Offensive - 1:01
Last Minute Defensive - 0:00
Total
Forward - 65:00
Defense - 65:00
|
% Time on Ice - Reign
Lines # - Real PCT - Wanted PCT - Time Play
Normal Forward
1 - 28% - 30% - 11:48
2 - 30% - 30% - 12:46
3 - 21% - 20% - 8:48
4 - 21% - 20% - 8:43
Normal Defense
1 - 31% - 30% - 12:54
2 - 24% - 25% - 10:13
3 - 26% - 25% - 11:00
4 - 19% - 20% - 7:58
PP Forward
1 - 52% - 60% - 3:04
2 - 48% - 40% - 2:53
PP Defense
1 - 66% - 60% - 3:55
2 - 34% - 40% - 2:02
PK Forward
1 - 80% - 60% - 8:46
2 - 20% - 40% - 2:10
PK Defense
1 - 63% - 60% - 6:55
2 - 37% - 40% - 4:01
PK3 Forward
1 - 0% - 60%
2 - 0% - 40%
PK3 Defense
1 - 0% - 60%
2 - 0% - 40%
44 Forward
1 - 89% - 60% - 4:26
2 - 11% - 40% - 0:34
44 Defense
1 - 63% - 60% - 3:10
2 - 37% - 40% - 1:50
Last Minute Offensive - 0:00
Last Minute Defensive - 1:02
Total
Forward - 65:00
Defense - 65:00
|
Play-by-Play
1st period
0:01 of 1st period - Brendan Gaunce wins face-off versus Jordan Kyrou in neutral zone.
0:28 of 1st period - Seth Helgeson is hit by Matthew Tkachuk and loses puck.
0:45 of 1st period - Slapshot by Joshua Leivo.
0:45 of 1st period - Stopped by Carter Hart with a rebound.
0:47 of 1st period - Snap shot by Teemu Pulkkinen.
0:47 of 1st period - Deflect By Joshua Leivo.
0:47 of 1st period - Shot Misses the Net.
0:47 of 1st period - Puck is out of play.
0:48 of 1st period - Trevor Moore wins face-off versus Axel Holmstrom in Reign zone.
1:00 of 1st period - Snap shot by Thomas Chabot.
1:00 of 1st period - Shot Blocked by Juuso Riikola.
1:26 of 1st period - Snap shot by Axel Holmstrom.
1:26 of 1st period - Shot Misses the Net.
1:34 of 1st period - Snap shot by Thomas Chabot.
1:34 of 1st period - Shot Blocked by Juuso Riikola.
1:36 of 1st period - Wrist shot by Nicolas Aube-Kubel.
1:36 of 1st period - Shot Misses the Net.
1:38 of 1st period - Wrist shot by Phillip Danault.
1:38 of 1st period - Shot Blocked by Axel Holmstrom.
1:40 of 1st period - Wrist shot by Nicolas Aube-Kubel.
1:40 of 1st period - Stopped by Alexandar Georgiev without a rebound.
1:41 of 1st period - Brendan Gaunce wins face-off versus Joel Eriksson Ek in Comets zone.
1:52 of 1st period - Snap shot by Taylor Beck.
1:52 of 1st period - Stopped by Carter Hart with a rebound.
2:16 of 1st period - Slapshot by Roope Hintz.
2:16 of 1st period - Stopped by Alexandar Georgiev with a rebound.
2:42 of 1st period - Minor Penalty to Logan Stanley for Roughing.
2:43 of 1st period - Brendan Gaunce wins face-off versus Joel Eriksson Ek in Reign zone.
2:46 of 1st period - Snap shot by Taylor Beck.
2:46 of 1st period - Stopped by Carter Hart without a rebound.
2:47 of 1st period - Brendan Gaunce wins face-off versus Joel Eriksson Ek in Reign zone.
3:46 of 1st period - Nikita Tryamkin is hit by Wiley Sherman and loses puck.
4:17 of 1st period - Teemu Pulkkinen is hit by Jordan Schmaltz and loses puck.
4:42 of 1st period - Penalty to Logan Stanley is over, Logan Stanley is back on ice.
4:58 of 1st period - Snap shot by Nicolas Aube-Kubel.
4:58 of 1st period - Shot Misses the Net.
5:00 of 1st period - Wrist shot by Joel Eriksson Ek.
5:00 of 1st period - Stopped by Alexandar Georgiev with a rebound.
5:02 of 1st period - Wrist shot by Nicolas Aube-Kubel.
5:02 of 1st period - Stopped by Alexandar Georgiev without a rebound.
5:03 of 1st period - Rourke Chartier wins face-off versus Andrej Nestrasil in Comets zone.
5:16 of 1st period - Jakob Chychrun is hit by Christian Fischer and loses puck.
5:33 of 1st period - Wrist shot by Phil Di Giuseppe.
5:33 of 1st period - Shot Misses the Net.
5:43 of 1st period - Charlie McAvoy is hit by Dennis Everberg.
5:55 of 1st period - Charlie McAvoy is hit by Dennis Everberg and loses puck.
6:08 of 1st period - Slapshot by William Nylander.
6:08 of 1st period - Shot Misses the Net.
6:42 of 1st period - Tyler Graovac is hit by Logan Stanley and loses puck.
7:52 of 1st period - Thomas Chabot is hit by William Lagesson.
8:04 of 1st period - Snap shot by Teemu Pulkkinen.
8:04 of 1st period - Shot Blocked by Joel Eriksson Ek.
8:06 of 1st period - Snap shot by William Lagesson.
8:06 of 1st period - Shot Misses the Net.
8:08 of 1st period - Slapshot by William Lagesson.
8:08 of 1st period - Shot Blocked by Nikita Tryamkin.
8:32 of 1st period - Wrist shot by Brendan Gaunce.
8:32 of 1st period - Shot Misses the Net.
8:52 of 1st period - Wrist shot by Joel Eriksson Ek.
8:52 of 1st period - Stopped by Alexandar Georgiev with a rebound.
8:58 of 1st period - Joachim Blichfeld is hit by Andrej Nestrasil and loses puck.
9:09 of 1st period - Tyler Graovac is hit by Matthew Tkachuk and loses puck.
9:40 of 1st period - Wrist shot by Brendan Gaunce.
9:40 of 1st period - Shot Blocked by Sergey Kalinin.
10:12 of 1st period - Jordan Schmaltz is hit by Teemu Pulkkinen and loses puck.
10:51 of 1st period - Wrist shot by Sergey Kalinin.
10:51 of 1st period - Stopped by Alexandar Georgiev with a rebound.
11:02 of 1st period - Minor Penalty to Nicolas Aube-Kubel for Hooking.
11:03 of 1st period - Joel Eriksson Ek wins face-off versus Brendan Gaunce in Reign zone.
11:57 of 1st period - Seth Helgeson is hit by William Nylander and loses puck.
12:04 of 1st period - Seth Helgeson is hit by Joel Eriksson Ek and loses puck.
13:02 of 1st period - Penalty to Nicolas Aube-Kubel is over, Nicolas Aube-Kubel is back on ice.
13:09 of 1st period - Snap shot by Nicolas Aube-Kubel.
13:09 of 1st period - Stopped by Alexandar Georgiev without a rebound.
13:10 of 1st period - Jordan Kyrou wins face-off versus Tyler Graovac in Comets zone.
13:15 of 1st period - Snap shot by Jordan Kyrou.
13:15 of 1st period - Shot Blocked by Juuso Riikola.
13:17 of 1st period - Wrist shot by William Nylander.
13:17 of 1st period - Stopped by Alexandar Georgiev with a rebound.
13:19 of 1st period - Wrist shot by Sergey Kalinin.
13:19 of 1st period - Stopped by Alexandar Georgiev with a rebound.
13:21 of 1st period - Wrist shot by Jordan Kyrou.
13:21 of 1st period - Shot Blocked by Juuso Riikola.
13:23 of 1st period - Slapshot by Sergey Kalinin.
13:23 of 1st period - Deflect By William Nylander.
13:23 of 1st period - Stopped by Alexandar Georgiev with a rebound.
13:25 of 1st period - Snap shot by William Nylander.
13:25 of 1st period - Stopped by Alexandar Georgiev without a rebound.
13:26 of 1st period - Rourke Chartier wins face-off versus Taylor Beck in Comets zone.
13:29 of 1st period - Snap shot by Rourke Chartier.
13:29 of 1st period - Goal by Rourke Chartier - Comets : 0 - Reign : 1.
13:30 of 1st period - Brendan Gaunce wins face-off versus Rourke Chartier in neutral zone.
13:35 of 1st period - Backhand shot by Dennis Everberg.
13:35 of 1st period - Stopped by Carter Hart without a rebound.
13:36 of 1st period - Brendan Gaunce wins face-off versus Rourke Chartier in Reign zone.
13:45 of 1st period - Wrist shot by Dennis Everberg.
13:45 of 1st period - Stopped by Carter Hart without a rebound.
13:46 of 1st period - Roope Hintz wins face-off versus Brendan Gaunce in Reign zone.
14:32 of 1st period - Minor Penalty to Axel Holmstrom for Roughing.
14:33 of 1st period - Rourke Chartier wins face-off versus Taylor Beck in Comets zone.
16:03 of 1st period - Brendan Gaunce is hit by Matthew Tkachuk and loses puck.
16:20 of 1st period - Sergey Kalinin is hit by Justin Bailey and loses puck.
16:31 of 1st period - Snap shot by Joel Eriksson Ek.
16:31 of 1st period - Goal by Joel Eriksson Ek - Comets : 0 - Reign : 2.
16:32 of 1st period - Brendan Gaunce wins face-off versus Joel Eriksson Ek in neutral zone.
17:01 of 1st period - Slapshot by Sergey Kalinin.
17:01 of 1st period - Shot Misses the Net.
17:03 of 1st period - Snap shot by William Nylander.
17:03 of 1st period - Shot Misses the Net.
17:05 of 1st period - Slapshot by Dmitri Orlov.
17:05 of 1st period - Shot Blocked by Wiley Sherman.
17:07 of 1st period - Slapshot by Dmitri Orlov.
17:07 of 1st period - Stopped by Alexandar Georgiev with a rebound.
17:09 of 1st period - Slapshot by Dmitri Orlov.
17:09 of 1st period - Shot Misses the Net.
17:11 of 1st period - Slapshot by Dmitri Orlov.
17:11 of 1st period - Shot Blocked by Wiley Sherman.
17:13 of 1st period - Snap shot by Sergey Kalinin.
17:13 of 1st period - Stopped by Alexandar Georgiev without a rebound.
17:14 of 1st period - Rourke Chartier wins face-off versus Andrej Nestrasil in Comets zone.
17:31 of 1st period - Juuso Riikola is hit by Rourke Chartier and loses puck.
17:48 of 1st period - Slapshot by Teemu Pulkkinen.
17:48 of 1st period - Stopped by Carter Hart with a rebound.
17:50 of 1st period - Backhand shot by Juuso Riikola.
17:50 of 1st period - Stopped by Carter Hart without a rebound.
17:51 of 1st period - Brendan Gaunce wins face-off versus Trevor Moore in Reign zone.
18:13 of 1st period - Off-side.
18:14 of 1st period - Andrej Nestrasil wins face-off versus Rourke Chartier in neutral zone.
18:19 of 1st period - Snap shot by Justin Bailey.
18:19 of 1st period - Shot Misses the Net.
18:21 of 1st period - Slapshot by Juuso Riikola.
18:21 of 1st period - Shot Blocked by Rourke Chartier.
18:23 of 1st period - Snap shot by Kurtis Macdermid.
18:23 of 1st period - Stopped by Carter Hart with a rebound.
18:29 of 1st period - Snap shot by Andrej Nestrasil.
18:29 of 1st period - Stopped by Carter Hart with a rebound.
18:48 of 1st period - Wrist shot by Dennis Everberg.
18:48 of 1st period - Stopped by Carter Hart without a rebound.
18:49 of 1st period - Brendan Gaunce wins face-off versus Joel Eriksson Ek in Reign zone.
19:33 of 1st period - Off-side.
19:34 of 1st period - Sergey Kalinin wins face-off versus Axel Holmstrom in neutral zone.
Goals for this period are 0 for Comets vs 2 for Reign.
Shots for this period are 10 for Comets vs 15 for Reign.
2nd period
0:01 of 2nd period - Brendan Gaunce wins face-off versus Rourke Chartier in neutral zone.
0:26 of 2nd period - Roope Hintz is hit by Axel Holmstrom and loses puck.
1:09 of 2nd period - Snap shot by Brendan Gaunce.
1:09 of 2nd period - Shot Misses the Net.
1:27 of 2nd period - Nicolas Aube-Kubel is hit by Teemu Pulkkinen and loses puck.
1:34 of 2nd period - Snap shot by Teemu Pulkkinen.
1:34 of 2nd period - Goal by Teemu Pulkkinen - Comets : 1 - Reign : 2.
1:35 of 2nd period - Sergey Kalinin wins face-off versus Brendan Gaunce in neutral zone.
2:00 of 2nd period - Kurtis Macdermid is hit by Nicolas Aube-Kubel and loses puck.
2:15 of 2nd period - Snap shot by Dennis Everberg.
2:15 of 2nd period - Shot Misses the Net.
2:17 of 2nd period - Snap shot by Brendan Gaunce.
2:17 of 2nd period - Shot Misses the Net.
2:19 of 2nd period - Wrist shot by Dennis Everberg.
2:19 of 2nd period - Deflect By Brendan Gaunce.
2:19 of 2nd period - Shot Misses the Net.
2:19 of 2nd period - Puck is out of play.
2:20 of 2nd period - Sergey Kalinin wins face-off versus Andrej Nestrasil in Reign zone.
2:29 of 2nd period - Wrist shot by Andrej Nestrasil.
2:29 of 2nd period - Shot Misses the Net.
2:31 of 2nd period - Backhand shot by Seth Helgeson.
2:31 of 2nd period - Shot Misses the Net.
2:33 of 2nd period - Snap shot by Wiley Sherman.
2:33 of 2nd period - Stopped by Carter Hart without a rebound.
2:34 of 2nd period - Andrej Nestrasil wins face-off versus Joel Eriksson Ek in Reign zone.
2:49 of 2nd period - Snap shot by Christian Fischer.
2:49 of 2nd period - Shot Misses the Net.
3:24 of 2nd period - Kurtis Macdermid is hit by Sergey Kalinin and loses puck.
4:00 of 2nd period - Rourke Chartier is hit by Juuso Riikola and loses puck.
4:20 of 2nd period - Icing by Dmitri Orlov.
4:21 of 2nd period - Rourke Chartier wins face-off versus Brendan Gaunce in Reign zone.
5:16 of 2nd period - Wrist shot by Teemu Pulkkinen.
5:16 of 2nd period - Stopped by Carter Hart without a rebound.
5:17 of 2nd period - Sergey Kalinin wins face-off versus Brendan Gaunce in Reign zone.
5:42 of 2nd period - Dennis Everberg is hit by Joel Eriksson Ek and loses puck.
5:53 of 2nd period - Snap shot by Joachim Blichfeld.
5:53 of 2nd period - Goal by Joachim Blichfeld - Comets : 1 - Reign : 3.
5:54 of 2nd period - Andrej Nestrasil wins face-off versus Rourke Chartier in neutral zone.
5:56 of 2nd period - Minor Penalty to Andrej Nestrasil for Holding.
5:57 of 2nd period - Rourke Chartier wins face-off versus Taylor Beck in Comets zone.
6:07 of 2nd period - Wrist shot by Taylor Beck.
6:07 of 2nd period - Shot Misses the Net.
7:45 of 2nd period - Jakob Chychrun is hit by Dennis Everberg.
7:56 of 2nd period - Penalty to Andrej Nestrasil is over, Andrej Nestrasil is back on ice.
8:20 of 2nd period - Oliver Kylington is hit by Josh Anderson and loses puck.
10:37 of 2nd period - Icing by Kurtis Macdermid.
10:38 of 2nd period - Justin Bailey wins face-off versus Rourke Chartier in Comets zone.
10:43 of 2nd period - Snap shot by Rourke Chartier.
10:43 of 2nd period - Shot Misses the Net.
10:45 of 2nd period - Snap shot by Rourke Chartier.
10:45 of 2nd period - Stopped by Alexandar Georgiev with a rebound.
11:09 of 2nd period - Wrist shot by Andrej Nestrasil.
11:09 of 2nd period - Shot Misses the Net.
11:11 of 2nd period - Snap shot by Kurtis Macdermid.
11:11 of 2nd period - Shot Misses the Net.
11:46 of 2nd period - Snap shot by Juho Lammikko.
11:46 of 2nd period - Shot Misses the Net.
11:48 of 2nd period - Snap shot by Juho Lammikko.
11:48 of 2nd period - Shot Blocked by Nicolas Aube-Kubel.
11:50 of 2nd period - Slapshot by Seth Helgeson.
11:50 of 2nd period - Shot Blocked by Trevor Moore.
11:52 of 2nd period - Slapshot by Juho Lammikko.
11:52 of 2nd period - Stopped by Carter Hart with a rebound.
12:06 of 2nd period - Wrist shot by Nikita Tryamkin.
12:06 of 2nd period - Shot Blocked by Wiley Sherman.
12:08 of 2nd period - Snap shot by Nikita Tryamkin.
12:08 of 2nd period - Shot Misses the Net.
12:10 of 2nd period - Wrist shot by Matthew Tkachuk.
12:10 of 2nd period - Shot Misses the Net.
12:12 of 2nd period - Snap shot by Rourke Chartier.
12:12 of 2nd period - Shot Misses the Net.
12:25 of 2nd period - Icing by Dennis Everberg.
12:26 of 2nd period - Joel Eriksson Ek wins face-off versus Brendan Gaunce in Comets zone.
12:29 of 2nd period - Wrist shot by Joachim Blichfeld.
12:29 of 2nd period - Shot Misses the Net.
12:31 of 2nd period - Wrist shot by Jordan Kyrou.
12:31 of 2nd period - Shot Misses the Net.
12:33 of 2nd period - Wrist shot by Jordan Kyrou.
12:33 of 2nd period - Stopped by Alexandar Georgiev without a rebound.
12:34 of 2nd period - Sergey Kalinin wins face-off versus Andrej Nestrasil in Comets zone.
12:35 of 2nd period - Snap shot by William Nylander.
12:35 of 2nd period - Shot Misses the Net.
13:01 of 2nd period - Jordan Schmaltz is hit by Taylor Beck and loses puck.
13:28 of 2nd period - Wrist shot by Joachim Blichfeld.
13:28 of 2nd period - Deflect By Josh Anderson.
13:28 of 2nd period - Shot Misses the Net.
13:28 of 2nd period - Puck is out of play.
13:29 of 2nd period - Joel Eriksson Ek wins face-off versus Taylor Beck in Comets zone.
13:32 of 2nd period - Wrist shot by Joachim Blichfeld.
13:32 of 2nd period - Shot Blocked by Juuso Riikola.
13:52 of 2nd period - Christian Fischer is hit by Joel Eriksson Ek and loses puck.
14:01 of 2nd period - Juuso Riikola is hit by Josh Anderson and loses puck.
14:14 of 2nd period - Juuso Riikola is hit by Joel Eriksson Ek.
14:24 of 2nd period - Snap shot by Andrej Nestrasil.
14:24 of 2nd period - Stopped by Carter Hart without a rebound.
14:25 of 2nd period - Sergey Kalinin wins face-off versus Brendan Gaunce in Reign zone.
14:46 of 2nd period - Major Penalty to Jakob Chychrun for Kneeing.
14:47 of 2nd period - Joel Eriksson Ek wins face-off versus Brendan Gaunce in Reign zone.
14:52 of 2nd period - Wrist shot by Nicolas Aube-Kubel.
14:52 of 2nd period - Shot Misses the Net.
15:21 of 2nd period - Slapshot by Teemu Pulkkinen.
15:21 of 2nd period - Goal by Teemu Pulkkinen - Comets : 2 - Reign : 3.
15:22 of 2nd period - Joel Eriksson Ek wins face-off versus Brendan Gaunce in neutral zone.
19:46 of 2nd period - Penalty to Jakob Chychrun is over, Jakob Chychrun is back on ice.
Goals for this period are 2 for Comets vs 1 for Reign.
Shots for this period are 6 for Comets vs 3 for Reign.
3rd period
0:01 of 3rd period - Taylor Beck wins face-off versus Sergey Kalinin in neutral zone.
0:36 of 3rd period - Snap shot by Jordan Kyrou.
0:36 of 3rd period - Stopped by Alexandar Georgiev with a rebound.
0:38 of 3rd period - Slapshot by William Nylander.
0:38 of 3rd period - Stopped by Alexandar Georgiev with a rebound.
0:40 of 3rd period - Slapshot by Dmitri Orlov.
0:40 of 3rd period - Shot Misses the Net.
0:42 of 3rd period - Snap shot by William Nylander.
0:42 of 3rd period - Shot Misses the Net.
0:44 of 3rd period - Slapshot by Sergey Kalinin.
0:44 of 3rd period - Stopped by Alexandar Georgiev without a rebound.
0:45 of 3rd period - Brendan Gaunce wins face-off versus Rourke Chartier in Comets zone.
0:53 of 3rd period - Off-side.
0:54 of 3rd period - Roope Hintz wins face-off versus Brendan Gaunce in neutral zone.
1:32 of 3rd period - Snap shot by Roope Hintz.
1:32 of 3rd period - Stopped by Alexandar Georgiev with a rebound.
1:34 of 3rd period - Snap shot by Roope Hintz.
1:34 of 3rd period - Stopped by Alexandar Georgiev without a rebound.
1:35 of 3rd period - Justin Bailey wins face-off versus Sergey Kalinin in Comets zone.
1:49 of 3rd period - Off-side.
1:50 of 3rd period - Andrej Nestrasil wins face-off versus Trevor Moore in neutral zone.
2:04 of 3rd period - Off-side.
2:05 of 3rd period - Brendan Gaunce wins face-off versus Rourke Chartier in neutral zone.
2:18 of 3rd period - Snap shot by Taylor Beck.
2:18 of 3rd period - Stopped by Carter Hart with a rebound.
2:20 of 3rd period - Slapshot by Taylor Beck.
2:20 of 3rd period - Shot Blocked by Rourke Chartier.
2:32 of 3rd period - Wrist shot by Teemu Pulkkinen.
2:32 of 3rd period - Stopped by Carter Hart without a rebound.
2:33 of 3rd period - William Nylander wins face-off versus Joshua Leivo in Reign zone.
3:34 of 3rd period - Snap shot by Taylor Beck.
3:34 of 3rd period - Stopped by Carter Hart with a rebound.
3:40 of 3rd period - Wrist shot by Brendan Gaunce.
3:40 of 3rd period - Stopped by Carter Hart with a rebound.
3:42 of 3rd period - Snap shot by Dennis Everberg.
3:42 of 3rd period - Shot Misses the Net.
3:44 of 3rd period - Snap shot by Dennis Everberg.
3:44 of 3rd period - Stopped by Carter Hart with a rebound.
3:46 of 3rd period - Slapshot by William Lagesson.
3:46 of 3rd period - Shot Misses the Net.
4:24 of 3rd period - Wrist shot by Dennis Everberg.
4:24 of 3rd period - Shot Misses the Net.
4:26 of 3rd period - Snap shot by Brendan Gaunce.
4:26 of 3rd period - Shot Misses the Net.
4:28 of 3rd period - Snap shot by Dennis Everberg.
4:28 of 3rd period - Shot Misses the Net.
4:30 of 3rd period - Snap shot by Taylor Beck.
4:30 of 3rd period - Stopped by Carter Hart without a rebound.
4:31 of 3rd period - Andrej Nestrasil wins face-off versus Sergey Kalinin in Reign zone.
4:56 of 3rd period - Teemu Pulkkinen is hit by Matthew Tkachuk and loses puck.
5:45 of 3rd period - Slapshot by Phil Di Giuseppe.
5:45 of 3rd period - Deflect By Dmitri Orlov.
5:45 of 3rd period - Stopped by Carter Hart with a rebound.
5:47 of 3rd period - Wrist shot by Christian Fischer.
5:47 of 3rd period - Stopped by Carter Hart with a rebound.
5:49 of 3rd period - Snap shot by Justin Bailey.
5:49 of 3rd period - Shot Misses the Net.
5:51 of 3rd period - Snap shot by Justin Bailey.
5:51 of 3rd period - Stopped by Carter Hart with a rebound.
5:53 of 3rd period - Slapshot by Andrej Nestrasil.
5:53 of 3rd period - Stopped by Carter Hart with a rebound.
6:07 of 3rd period - Wrist shot by Joshua Leivo.
6:07 of 3rd period - Shot Misses the Net.
6:21 of 3rd period - Nicolas Aube-Kubel is hit by Juuso Riikola.
6:31 of 3rd period - Trevor Moore is hit by Juho Lammikko and loses puck.
6:42 of 3rd period - Nicolas Aube-Kubel is hit by Axel Holmstrom and loses puck.
7:01 of 3rd period - Icing by Rourke Chartier.
7:02 of 3rd period - Andrej Nestrasil wins face-off versus Josh Anderson in Reign zone.
7:26 of 3rd period - Charlie McAvoy is hit by Teemu Pulkkinen and loses puck.
7:45 of 3rd period - Jakob Chychrun is hit by Dennis Everberg and loses puck.
7:58 of 3rd period - Josh Anderson is hit by Juho Lammikko and loses puck.
8:25 of 3rd period - Snap shot by Thomas Chabot.
8:25 of 3rd period - Deflect By Nicolas Aube-Kubel.
8:25 of 3rd period - Stopped by Alexandar Georgiev without a rebound.
8:26 of 3rd period - Brendan Gaunce wins face-off versus Sergey Kalinin in Comets zone.
8:50 of 3rd period - Minor Penalty to Juuso Riikola for Hooking.
8:51 of 3rd period - Rourke Chartier wins face-off versus Taylor Beck in Comets zone.
8:52 of 3rd period - Slapshot by William Nylander.
8:52 of 3rd period - Shot Misses the Net.
8:54 of 3rd period - Snap shot by Matthew Tkachuk.
8:54 of 3rd period - Stopped by Alexandar Georgiev without a rebound.
8:55 of 3rd period - Rourke Chartier wins face-off versus Taylor Beck in Comets zone.
8:58 of 3rd period - Slapshot by William Nylander.
8:58 of 3rd period - Shot Blocked by Taylor Beck.
10:40 of 3rd period - Wrist shot by Andrej Nestrasil.
10:40 of 3rd period - Goal by Andrej Nestrasil - Comets : 3 - Reign : 3.
10:41 of 3rd period - Taylor Beck wins face-off versus Sergey Kalinin in neutral zone.
10:50 of 3rd period - Penalty to Juuso Riikola is over, Juuso Riikola is back on ice.
10:51 of 3rd period - Backhand shot by Dennis Everberg.
10:51 of 3rd period - Shot Misses the Net.
10:53 of 3rd period - Snap shot by Juuso Riikola.
10:53 of 3rd period - Shot Blocked by Dmitri Orlov.
11:17 of 3rd period - Nikita Tryamkin is hit by Dennis Everberg and loses puck.
11:26 of 3rd period - Snap shot by Taylor Beck.
11:26 of 3rd period - Shot Misses the Net.
11:36 of 3rd period - Dmitri Orlov is hit by Taylor Beck and loses puck.
11:45 of 3rd period - Slapshot by Taylor Beck.
11:45 of 3rd period - Shot Misses the Net.
12:07 of 3rd period - Snap shot by Roope Hintz.
12:07 of 3rd period - Stopped by Alexandar Georgiev without a rebound.
12:08 of 3rd period - Andrej Nestrasil wins face-off versus Trevor Moore in Comets zone.
12:08 of 3rd period - Andrej Nestrasil is hit by Phillip Danault.
12:22 of 3rd period - Slapshot by Oliver Kylington.
12:22 of 3rd period - Shot Blocked by Charlie McAvoy.
12:24 of 3rd period - Snap shot by Andrej Nestrasil.
12:24 of 3rd period - Stopped by Carter Hart without a rebound.
12:25 of 3rd period - Axel Holmstrom wins face-off versus Josh Anderson in Reign zone.
12:50 of 3rd period - Andrej Nestrasil is hit by Phillip Danault and loses puck.
12:59 of 3rd period - Wrist shot by Nicolas Aube-Kubel.
12:59 of 3rd period - Goal by Nicolas Aube-Kubel - Comets : 3 - Reign : 4.
13:00 of 3rd period - Trevor Moore wins face-off versus Andrej Nestrasil in neutral zone.
13:07 of 3rd period - Justin Bailey is hit by Dmitri Orlov.
13:27 of 3rd period - William Nylander is hit by Brendan Gaunce.
14:27 of 3rd period - Juuso Riikola is hit by Phillip Danault and loses puck.
15:08 of 3rd period - Wrist shot by Sergey Kalinin.
15:08 of 3rd period - Shot Blocked by Seth Helgeson.
15:10 of 3rd period - Snap shot by Logan Stanley.
15:10 of 3rd period - Stopped by Alexandar Georgiev without a rebound.
15:11 of 3rd period - Rourke Chartier wins face-off versus Joshua Leivo in Comets zone.
15:24 of 3rd period - Slapshot by Matthew Tkachuk.
15:24 of 3rd period - Stopped by Alexandar Georgiev with a rebound.
15:26 of 3rd period - Slapshot by Charlie McAvoy.
15:26 of 3rd period - Shot Blocked by Wiley Sherman.
15:37 of 3rd period - Minor Penalty to Nicolas Aube-Kubel for Slashing.
15:38 of 3rd period - Brendan Gaunce wins face-off versus Joel Eriksson Ek in Reign zone.
15:40 of 3rd period - Wrist shot by Taylor Beck.
15:40 of 3rd period - Stopped by Carter Hart without a rebound.
15:41 of 3rd period - Joel Eriksson Ek wins face-off versus Brendan Gaunce in Reign zone.
16:12 of 3rd period - Snap shot by Andrej Nestrasil.
16:12 of 3rd period - Stopped by Carter Hart without a rebound.
16:13 of 3rd period - Joel Eriksson Ek wins face-off versus Andrej Nestrasil in Reign zone.
16:13 of 3rd period - Joel Eriksson Ek is hit by Joshua Leivo.
16:57 of 3rd period - Rourke Chartier is hit by Andrej Nestrasil and loses puck.
17:08 of 3rd period - Wrist shot by William Nylander.
17:08 of 3rd period - Deflect By Roope Hintz.
17:08 of 3rd period - Shot Misses the Net.
17:08 of 3rd period - Puck is out of play.
17:09 of 3rd period - Brendan Gaunce wins face-off versus William Nylander in Comets zone.
17:24 of 3rd period - Backhand shot by Juuso Riikola.
17:24 of 3rd period - Stopped by Carter Hart without a rebound.
17:25 of 3rd period - Brendan Gaunce wins face-off versus Joel Eriksson Ek in Reign zone.
17:37 of 3rd period - Penalty to Nicolas Aube-Kubel is over, Nicolas Aube-Kubel is back on ice.
17:40 of 3rd period - Jordan Schmaltz is hit by Brendan Gaunce and loses puck.
18:16 of 3rd period - Wrist shot by Sergey Kalinin.
18:16 of 3rd period - Stopped by Alexandar Georgiev with a rebound.
18:18 of 3rd period - Snap shot by Jordan Kyrou.
18:18 of 3rd period - Shot Misses the Net.
18:20 of 3rd period - Snap shot by William Nylander.
18:20 of 3rd period - Shot Blocked by Axel Holmstrom.
18:22 of 3rd period - Wrist shot by Jordan Kyrou.
18:22 of 3rd period - Shot Blocked by Juuso Riikola.
18:24 of 3rd period - Wrist shot by Jordan Schmaltz.
18:24 of 3rd period - Shot Blocked by Kurtis Macdermid.
19:06 of 3rd period - Slapshot by Sergey Kalinin.
19:06 of 3rd period - Shot Blocked by Kurtis Macdermid.
19:08 of 3rd period - Wrist shot by Roope Hintz.
19:08 of 3rd period - Stopped by Alexandar Georgiev with a rebound.
19:10 of 3rd period - Slapshot by Charlie McAvoy.
19:10 of 3rd period - Stopped by Alexandar Georgiev without a rebound.
19:11 of 3rd period - Lanne MacDonald call a timeout for Comets.
19:11 of 3rd period - Brendan Gaunce wins face-off versus Sergey Kalinin in Comets zone.
19:32 of 3rd period - Wrist shot by Jordan Schmaltz.
19:32 of 3rd period - Stopped by Alexandar Georgiev without a rebound.
19:33 of 3rd period - Sergey Kalinin wins face-off versus Brendan Gaunce in Comets zone.
19:34 of 3rd period - Snap shot by Roope Hintz.
19:34 of 3rd period - Shot Misses the Net.
19:51 of 3rd period - Comets, Alexandar Georgiev is pulled from the net.
19:51 of 3rd period - Snap shot by Dennis Everberg.
19:51 of 3rd period - Goal by Dennis Everberg - Comets : 4 - Reign : 4.
19:51 of 3rd period - Alexandar Georgiev from Comets was sent back in the game.
19:52 of 3rd period - Trevor Moore wins face-off versus Axel Holmstrom in neutral zone.
19:59 of 3rd period - Slapshot by Dmitri Orlov.
19:59 of 3rd period - Stopped by Alexandar Georgiev with a rebound.
Goals for this period are 2 for Comets vs 1 for Reign.
Shots for this period are 16 for Comets vs 16 for Reign.
Overtime #1
0:01 of 1st overtime period - William Nylander wins face-off versus Taylor Beck in neutral zone.
0:14 of 1st overtime period - Wrist shot by Taylor Beck.
0:14 of 1st overtime period - Stopped by Carter Hart with a rebound.
0:16 of 1st overtime period - Slapshot by Dennis Everberg.
0:16 of 1st overtime period - Deflect By Thomas Chabot.
0:16 of 1st overtime period - Shot Misses the Net.
0:16 of 1st overtime period - Puck is out of play.
0:17 of 1st overtime period - William Nylander wins face-off versus Taylor Beck in Reign zone.
2:17 of 1st overtime period - Roope Hintz is hit by Teemu Pulkkinen and loses puck.
2:24 of 1st overtime period - Snap shot by Brendan Gaunce.
2:24 of 1st overtime period - Shot Misses the Net.
2:26 of 1st overtime period - Slapshot by Seth Helgeson.
2:26 of 1st overtime period - Shot Misses the Net.
2:28 of 1st overtime period - Slapshot by Wiley Sherman.
2:28 of 1st overtime period - Shot Blocked by Jordan Schmaltz.
2:56 of 1st overtime period - Phillip Danault is hit by Phil Di Giuseppe and loses puck.
4:29 of 1st overtime period - Thomas Chabot is hit by Teemu Pulkkinen and loses puck.
Goals for this period are 0 for Comets vs 0 for Reign.
Shots for this period are 1 for Comets vs 0 for Reign.
ShootOut
5:00 of 1st overtime period - Round #1.
5:00 of 1st overtime period - Comets, Taylor Beck.
5:00 of 1st overtime period - Wrist shot by Taylor Beck.
5:00 of 1st overtime period - Goal by Taylor Beck.
5:00 of 1st overtime period - Reign, Rourke Chartier.
5:00 of 1st overtime period - Wrist shot by Rourke Chartier.
5:00 of 1st overtime period - Goal by Rourke Chartier.
5:00 of 1st overtime period - Round #2.
5:00 of 1st overtime period - Comets, Dennis Everberg.
5:00 of 1st overtime period - Deke by Dennis Everberg.
5:00 of 1st overtime period - Shot Misses the Net.
5:00 of 1st overtime period - Reign, Jordan Kyrou.
5:00 of 1st overtime period - Wrist shot by Jordan Kyrou.
5:00 of 1st overtime period - Goal by Jordan Kyrou.
5:00 of 1st overtime period - Round #3.
5:00 of 1st overtime period - Comets, Brendan Gaunce.
5:00 of 1st overtime period - Wrist shot by Brendan Gaunce.
5:00 of 1st overtime period - Stopped by Carter Hart.
Output by the SimonT Hockey Simulator (STHS) for Francois Prevost